Arrhythmia, chaotic female vampiric Convict ---- -------- --- ------..| --..--..-- --------- --.--- |..--...| |..^.....| --....--.--|....-- ---.....--- ---- --.--...-| |.........|--....| |.......| --..| ------..--- --.......----....| |.......| --...-------------|....| |.......| |....-- --......| |.................|....---- |..)..-----....-- ---..--- ---.--...----------.........--|..(.-- |..)%).-------------.-------- |...|---.| |.........%.|--..)--- |...|..%...0@Y..........||..-- ---.--- |.| |........^..|...|...| |.----.-------..----.--(--...| |.>.| |.| --|-.........--.-----+--|.| --- |....-|.|..^...-- |.--- |.-- --.|.............| |...|(| |.....|....%...-- |.| ---..| |.............---- ---.|%| |....-|.|.......| |.| |....| --..........--- |...| ----..|.|......-- |.| |....| |.......---- ---(-- |...........- |.| |...-- ----.---- ---<..--- |............| --.| ----- --- |..%....| --..........-- |..| |.......| ---.---....| |..| |..|.---- --- --..-- ---- ------ ---- Arrhythmia the Jail-bird Experience level: 7 Strength: 16 Dexterity: 15 Constitution: 16 Intelligence: 11 Wisdom: 10 Charisma: 9 Health: 0(53) Energy: 41(41) AC: -1 Gold: 999 Moves: 2634 Your Inventory: Coins $ - 999 gold pieces Armor b - a cursed +0 striped shirt (being worn) l - an [uncursed] +2 pair of hard shoes [iron] (being worn) t - a [cursed +0] pair of combat boots [water walking] w - an [uncursed] +0 dwarvish mithril-coat (being worn) x - a cursed -1 hard hat [dwarvish iron helm] (being worn) Scrolls i - an [uncursed] scroll labeled KERNOD WEL [of enchant weapon] n - an [uncursed] scroll labeled DAIYEN FOOELS [of destroy armor] p - a [cursed] scroll labeled SODALG [of remove curse] q - a [cursed] unlabeled scroll [of blank paper] r - an [uncursed] unlabeled scroll [of blank paper] Wands s - a [cursed] nickel wand [of light (0:5)] Tools j - an [uncursed tallow] candle o - an [uncursed] can of grease [0:2] u - an [uncursed] lock pick v - a [cursed] skeleton key y - a [cursed oil] lamp (lit) Iron balls c - an [uncursed] heavy iron ball (chained to you) (weapon in hand) Spells known in the end: Name Level Category Fail Memory Your skills at the end: Fighting Skills Weapon Skills sling [Basic / Skilled] Spellcasting Skills Final Attributes: You were piously aligned. Hunger level was 157. Your alignment was 23 / 23. Monster difficulty range was 0 - 6. Level difficulty was 5. You were immune to poison. You were immune to level-drain. You were immune to sickness. You were punished. You could fly. You could survive without air. You regenerated. Your luck was zero. You are dead. Vanquished creatures: a giant beetle an iron piercer a snake 2 human zombies a soldier ant a bugbear an orc shaman 3 gnome lords a kobold mummy a guardian naga hatchling 2 giant ants a floating eye 5 dwarves 2 orc zombies a dwarf zombie an acid blob a yellow mold 28 gnomes 2 garter snakes 3 geckos 4 jackals 2 foxes a kobold 5 goblins 2 grid bugs 3 lichens a kobold zombie 5 newts 82 creatures vanquished. Voluntary challenges: You went without food. You never hit with a wielded weapon. You read items or engraved 2 times. You put on armor 6 times. You never genocided any monsters. You never polymorphed an object. You never changed form. You used no wishes. You abstained from Elbereth's help. You encountered 1 bones level. You never used any Sokoban shortcuts. Dungeon overview: The Dungeons of Doom: levels 1 to 2 Level 1 a fountain a long staircase Level 2 an altar, some fountains stairs to The Gnomish Mines The Gnomish Mines: levels 3 to 5 Level 3 stairs to The Dungeons of Doom Level 5 <- You were here History has recorded: On T:1 you entered the Dungeons of Doom to retrieve the Amulet of Yendor! On T:381 you advanced to experience level 2. On T:396 you reached level 2 of The Dungeons of Doom. On T:678 you advanced to experience level 3. On T:992 you advanced to experience level 4. On T:1073 you reached level 1 of The Gnomish Mines. On T:1097 you advanced to experience level 5. On T:1321 you advanced to experience level 6. On T:1697 you reached level 2 of The Gnomish Mines. On T:2162 you reached level 3 of The Gnomish Mines. On T:2254 you advanced to experience level 7. Latest messages: The soldier ant bites! The soldier ant stings! [HP-7=12] [HP+1=13] As you read the scroll, it disappears. The soldier ant misses. The soldier ant stings! The ape just misses! The ape misses. The ape bites! The soldier ant misses. (2x) [HP-11=2] As you read the scroll, it disappears. The ceiling rumbles above you! The soldier ant is hit by a boulder! You kill the soldier ant! The ape is hit by a boulder! You are hit by a boulder! Fortunately, you are wearing a hard helmet. You die... Final status: Goodbye Arrhythmia the Convict... You died in The Gnomish Mines on dungeon level 5 with 3784 points, and 999 pieces of gold, after 2634 moves. You were level 7 with a maximum of 53 hit points when you died.